 Dungeon Crawl Stone Soup version 0.22-a0-815-gb582571 (webtiles) character file.

28426 inc the Gouger (level 13, 0/59 HPs)
             Began as a Felid Transmuter on July 22, 2018.
             Was the Champion of Ashenzari.
             Slain by an entropy weaver (11 damage)
             ... on level 5 of the Lair of Beasts on July 23, 2018.
             The game lasted 01:51:20 (33490 turns).

inc the Gouger (Felid Transmuter)                  Turns: 33490, Time: 01:51:22

Health: 0/59       AC:  0    Str:  6    XL:     13   Next: 9%
Magic:  25/28      EV: 27    Int: 26    God:    Ashenzari [******]
Gold:   2475       SH:  0    Dex: 19    Spells: 4/33 levels left
                                        Lives:  0   Deaths: 4

rFire    . . .     SeeInvis +     - Unarmed
rCold    + + .     Gourm    .   (shield unavailable)
rNeg     + . .     Faith    .   (armour unavailable)
rPois    .         Spirit   .   (helmet unavailable)
rElec    .         Reflect  .   (cloak unavailable)
rCorr    .         Harm     .   (gloves unavailable)
MR       +....     Clarity  +   (boots unavailable)
Stlth    +.........             O - amulet of rage (curse)
HPRegen  0.19/turn              X - +5 ring of protection (curse)
MPRegen  0.21/turn              y - ring "Lougef" {+Inv rC+ rN+ Int+5} (curse)

@: about to teleport, blade paws, corroded, berserk cooldown, slowed, slow
A: very small, no armour, no weapons or thrown items, stealth, claws 1, fangs 3,
horns 1, see invisible, agile 1, carnivore, clarity, clever 1, speed 1, shaggy
fur 3, slow metabolism 1, evolution 1
a: End Transformation, Curse Item, Scrying, Transfer Knowledge, Renounce
Religion, Evoke Berserk Rage, Evoke Invisibility


You were on level 5 of the Lair of Beasts.
You worshipped Ashenzari.
Ashenzari was exalted by your worship.
You were not hungry.
You had blades for front paws.
You visited 5 branches of the dungeon, and saw 24 of its levels.
You also visited: Labyrinth and Ossuary.

You collected 2475 gold pieces.

Inventory:

Missiles
 I - 188 arrows
Jewellery
 d - an uncursed ring of magical power
 y - the cursed ring "Lougef" (right scythe-like blade) {+Inv rC+ rN+ Int+5}
   (You acquired it on level 3 of the Lair of Beasts)

   [ring of intelligence]

   It affects your intelligence (+5).
   It protects you from cold.
   It protects you from negative energy.
   It lets you turn invisible.
   It has a curse placed upon it.
 D - an uncursed ring of protection from magic
 J - a +2 ring of slaying
 M - an uncursed amulet of faith
 O - a cursed amulet of rage (around neck)
 Q - the amulet "Woesooru" {Inacc *Slow +Inv rF+ rN+++}
   (You found it on level 3 of the Lair of Beasts)

   [amulet of inaccuracy]

   It reduces the accuracy of all your attacks.
   It protects you from fire.
   It renders you almost immune to negative energy.
   It lets you turn invisible.
   It may slow you when you take damage.
 V - an uncursed ring of protection from fire
 X - a cursed +5 ring of protection (left scythe-like blade)
Wands
 a - a wand of paralysis (24)
 m - a wand of enslavement (25)
 p - a wand of clouds (7)
 u - a wand of scattershot (4)
 C - a wand of flame (29)
 E - a wand of iceblast (8)
 K - a wand of disintegration (18)
 L - a wand of random effects (30)
 Y - a wand of acid (13)
Scrolls
 b - 4 scrolls of fog
 e - a scroll of enchant armour {unknown}
 h - 3 scrolls of amnesia
 i - 2 scrolls of remove curse
 l - 5 scrolls of immolation
 n - 3 scrolls of fear
 o - 6 scrolls of teleportation
 q - 6 scrolls of magic mapping {unknown}
 T - 3 scrolls of identify
 W - a scroll of random uselessness {unknown}
Potions
 f - 6 potions of curing
 g - 3 potions of might
 j - 5 potions of haste
 r - 3 potions of mutation
 s - 4 potions of lignification
 t - 3 potions of brilliance
 x - a potion of resistance
 z - 3 potions of cancellation
 B - 4 potions of degeneration
 F - a potion of ambrosia
 G - 3 potions of invisibility
 N - a potion of berserk rage
 Z - a potion of agility
Miscellaneous
 H - a phantom mirror
 S - a phial of floods
 U - a lightning rod (4/4)
Comestibles
 c - 32 rations


   Skills:
 - Level 8.4 Fighting
 - Level 10.4 Dodging
 + Level 13.1 Unarmed Combat
 - Level 10.6 Spellcasting
 - Level 8.9(13.2) Hexes
 - Level 6.1(10.6) Summonings
 - Level 11.7(15.9) Transmutations
 - Level 5.5(10.0) Ice Magic
 - Level 2.5(6.1) Air Magic
 - Level 4.7(9.1) Evocations


You had 4 spell levels left.
You knew the following spells:

 Your Spells              Type           Power        Failure   Level  Hunger
a - Passwall              Tmut/Erth      ######..     9%          2    None
b - Sticks to Snakes      Tmut           #######.     3%          2    None
c - Metabolic Englaciati  Hex/Ice        ######....   16%         5    ####...
d - Blade Hands           Tmut           #######...   9%          5    ####...
e - Confusing Touch       Hex            ######       4%          1    None
f - Summon Ice Beast      Ice/Summ       ######..     13%         4    None
g - Summon Lightning Spi  Summ/Air       ######..     17%         4    None
h - Blink                 Tloc           N/A          32%         2    None
i - Cause Fear            Hex            ######....   9%          4    None

Your spell library contained the following spells:

 Spells                   Type           Power        Failure   Level  Hunger
 Magic Dart               Conj           ###.         26%         1    None
 Conjure Flame            Conj/Fire      ###.....     45%         3    None
 Slow                     Hex            ######..     4%          2    None
 Confuse                  Hex            ######..     6%          3    None
 Mephitic Cloud           Conj/Pois/Air  ####....     32%         3    None
 Summon Small Mammal      Summ           ####         6%          1    None
 Iskenderun's Mystic Bla  Conj           ###.....     75%         4    None
 Call Imp                 Summ           ######..     7%          2    None
 Stone Arrow              Conj/Erth      ###...       45%         3    None
 Spider Form              Tmut/Pois      ######....   11%         3    None
 Ice Form                 Ice/Tmut       ######..     9%          4    None
 Deflect Missiles         Chrm/Air       ####......   99%         6    #####..
 Call Canine Familiar     Summ           ######..     8%          3    None
 Silence                  Hex/Air        ######....   22%         5    ####...
 Lee's Rapid Deconstruct  Erth           ###.......   94%         5    ####...
 Sandblast                Erth           ###...       26%         1    None
 Petrify                  Tmut/Erth      ######..     17%         4    None
 Beastly Appendage        Tmut           ######       3%          1    None
 Fulminant Prism          Conj/Hex       ######....   24%         4    None
 Dazzling Spray           Conj/Hex       ######       13%         3    None
 Force Lance              Conj/Tloc      ###.....     75%         4    None
 Searing Ray              Conj           ###...       32%         2    None
 Discord                  Hex            ######....   97%         8    #######
 Summon Guardian Golem    Hex/Summ       ######..     7%          3    None
 Gell's Gravitas          Tloc           ###.......   45%         3    None
 Yara's Violent Unravell  Hex/Tmut       ######....   10%         5    ####...


Dungeon Overview and Level Annotations

Branches:
Dungeon (14/15)            Temple (1/1) D:5            Lair (6/6) D:9
 Shoals (0/4) Lair:3       Spider (0/4) Lair:2        Slime (1/5) Lair:6
    Orc (2/2) D:11            Elf (0/3) Orc:2
 Vaults: D:13-14

Altars:
Ashenzari
Cheibriados
Dithmenos
Elyvilon
Fedhas
Gozag
Hepliaklqana
Kikubaaqudgha
Makhleb
Nemelex Xobeh
Okawaru
Qazlal
Ru
Sif Muna
Trog
Uskayaw
Vehumet
Wu Jian
Xom
Yredelemnul
Zin
The Shining One

Shops:
Orc:2 =*[(

Portals:
Trove: D:12 (show abyssal rune of Zot)

Annotations:
D:3 1 runed door, Sigmund
D:6 1 runed door, Meatbag's ghost, novice MiFi
D:9 exclusion: fire dragon
D:10 Urug
D:14 exclusion: obsidian statue
Lair:2 dig, Nergalle


Innate Abilities, Weirdness & Mutations

You cannot wear armour.
You are incapable of wielding weapons or throwing items.
Your paws allow you to move quietly. (Stealth)
You have sharp claws.
You have razor-sharp teeth.
You have supernaturally acute eyesight. (SInv)
You are carnivorous and can eat meat at any time.
You cover ground quickly.
Your thick and shaggy fur keeps you warm. (AC +3, rC+)
You have a slow metabolism.
((Your sharp claws are effective at attacking unaware monsters.))
You have a pair of small horns on your head.
You are agile. (Dex +2)
You possess an exceptional clarity of mind.
Your mind is acute. (Int +2)
You evolve.


Message History

You fail to use your ability.
The entropy weaver hits you! The entropy weaver hits you.
The entropy weaver hits you! The entropy weaver barely misses you.
A red film seems to cover your vision as you go berserk!
You feel yourself moving faster!
You feel mighty!
You feel a lot more hungry.
The entropy weaver completely misses you.
The entropy weaver misses you. The entropy weaver hits you! x2
* * * LOW HITPOINT WARNING * * *
You hit the entropy weaver but do no damage.
The entropy weaver misses you. x2; The entropy weaver barely misses you.
The entropy weaver hits you!
* * * LOW HITPOINT WARNING * * *
You hit the entropy weaver but do no damage.
You feel a strong urge to attack something.
You feel your anger nearly subside.
You are no longer berserk.
You are exhausted.
You feel yourself slow down.
As you read the scroll of teleportation, it crumbles to dust.
You feel strangely unstable. The entropy weaver hits you!
You die...

......## #..........##
......# ###
###.........### ...####
##.###....#.....###. ..##
##.#.......#.....###. #.#
#......#<.###.....### ###
#........## ##...#.#.
##........# #.#.###..
#....a...## ##### ##. #
##..@.....# #∩
###############.......##
###.
...#...##P..#..........#
#.#.
...........[.........P###
##..
.....####............##.#
#####.. ..####
######...#...##.###.##...
...#.#
######....#.#.###...
....## #.........####...
....# ##........P.##...


You could see an entropy weaver.

Vanquished Creatures
  An orc warlord (Orc:2)
  A minotaur (Lab)
  Snorg (D:10)
  Josephine (Lair:4)
  Erica (D:10)
  A death knight (D:14)
  2 centaur warriors
  A catoblepas (Lair:5)
  2 two-headed ogres
  4 orc high priests
  Sonja (Lair:2)
  5 skeletal warriors
  An unseen horror (D:14)
  4 orc knights
  A cyclops (D:14)
  4 orc sorcerers (Orc:2)
  An elephant (Lair:6)
  An ice statue (Lair:4)
  Maurice (Orc:2)
  A black mamba (Lair:6)
  A gargoyle (D:12)
  8 spiny frogs
  A kobold demonologist (D:12)
  A freezing wraith (D:14)
  3 komodo dragons
  7 trolls
  4 polar bears
  6 blink frogs
  7 hippogriffs
  5 dream sheep
  3 redbacks (Lair:2)
  Eustachio (D:6)
  A vampire (D:14)
  5 wraiths
  4 wyverns
  A hog (D:8)
  A human (D:8)
  Grum (D:8)
  33 yaks
  A hungry ghost (D:7)
  A steam dragon (D:13)
  A warg (Orc:1)
  2 hell hounds (Lair:6)
  2 acid dragons
  6 water moccasins
  9 porcupines
  8 soldier ants
  34 orc warriors
  A sky beast (D:8)
  7 ice beasts
  2 phantoms
  7 centaurs
  5 ogres
  12 wolves
  8 crocodiles
  14 bullfrogs
  A gnoll sergeant (D:6)
  A scorpion (D:8)
  5 wights (D:11)
  A troll skeleton (Lab)
  An electric eel (D:12)
  4 howler monkeys
  2 centaur zombies
  7 crimson imps
  2 bullfrog zombies
  A quasit (D:8)
  A bullfrog skeleton (D:12)
  3 jellies
  10 centaur skeletons
  22 orc priests
  6 hounds
  20 orc wizards
  Terence (D:3)
  3 iguanas
  Natasha (twice) (D:2)
  11 worker ants
  A killer bee zombie (D:6)
  2 hound skeletons
  5 adders
  4 gnolls (D:6)
  3 shadow imps
  A white imp (Lair:4)
  A worm (D:3)
  2 dart slugs (D:2)
  4 leopard geckos
  66 orcs
  5 bats
  2 giant cockroaches
  A gnoll zombie (Ossuary)
  5 hobgoblins
  2 jackals (D:3)
  4 quokkas
  A ball python (D:7)
  A frilled lizard (D:3)
  2 gnoll skeletons (Ossuary)
  9 goblins
  3 goblin zombies
  8 kobolds
  2 kobold skeletons (Ossuary)
  A kobold zombie (Ossuary)
  An orc skeleton (Ossuary)
  A quokka zombie (D:6)
  9 rats
  2 rat zombies
500 creatures vanquished.

Vanquished Creatures (collateral kills)
  4 hydras
  A catoblepas (Lair:5)
  2 two-headed ogres (D:12)
  A spiny frog (Lair:4)
  2 komodo dragons
  2 polar bears (Lair:3)
  A troll (D:13)
  A redback (Lair:2)
  3 yaks
  2 hogs (D:8)
  An ice beast (D:5)
  4 ogres
  A necrophage (D:5)
  2 wolves (Lair:2)
  A scorpion (D:5)
  A crimson imp (D:7)
  A hound (D:5)
  A worker ant (D:12)
  An orc wizard (Orc:2)
  6 adders
  A white imp (Lair:4)
  An adder skeleton (D:5)
  An orc (D:3)
  A gnoll zombie (Ossuary)
  A gnoll skeleton (Ossuary)
  A goblin zombie (Ossuary)
  An orc zombie (Ossuary)
  A rat (D:2)
46 creatures vanquished.

Vanquished Creatures (others)
  Menkaure (Ossuary)
  2 orc warriors
  An ogre (Orc:1)
  An orc priest (D:13)
  A hound (D:14)
  An orc wizard (Orc:2)
  3 mummies (Ossuary)
  6 orcs
  2 gnoll zombies (Ossuary)
  2 gnoll skeletons (Ossuary)
  2 goblin skeletons (Ossuary)
  5 goblin zombies (Ossuary)
  4 hobgoblin skeletons (Ossuary)
  4 hobgoblin zombies (Ossuary)
  7 kobold skeletons (Ossuary)
  2 kobold zombies (Ossuary)
  2 orc skeletons (Ossuary)
  2 orc zombies (Ossuary)
  2 rat skeletons (Ossuary)
  2 rat zombies (Ossuary)
  A fungus (Lair:4)
  7 plants
60 creatures vanquished.

Grand Total: 606 creatures vanquished

Notes
Turn   | Place    | Note
-------+----------+-------------------------------------------
     0 | D:1      | inc the Felid Transmuter began the quest for the Orb.
     0 | D:1      | Reached XP level 1. HP: 9/9 MP: 4/4
   255 | D:1      | Found a shimmering altar of Xom.
   385 | D:1      | Reached XP level 2. HP: 9/12 MP: 4/6
   769 | D:1      | Learned a level 2 spell: Sticks to Snakes
  1765 | D:2      | Reached XP level 3. HP: 15/15 MP: 2/7
  2091 | D:2      | Noticed Natasha
  2661 | D:3      | Found a runed door.
  2919 | D:3      | Reached XP level 4. HP: 7/19 MP: 5/8
  3159 | D:3      | Learned a level 3 spell: Spider Form
  3183 | D:3      | Noticed Terence
  3198 | D:3      | Killed Terence
  3930 | D:3      | Noticed Sigmund
  3940 | D:2      | Killed Natasha
  3940 | D:2      | Reached XP level 5. HP: 15/22 MP: 5/9
  4106 | D:2      | Found a shimmering altar of Xom.
  4107 | D:2      | Found an iron altar of Okawaru.
  4108 | D:2      | Found a snail-covered altar of Cheibriados.
  4128 | D:2      | Found a shattered altar of Ashenzari.
  4132 | D:2      | Found a stormy altar of Qazlal.
  4266 | D:2      | Became a worshipper of Ashenzari the Shackled
  4325 | D:2      | Noticed Natasha
  4332 | D:2      | Killed Natasha
  4332 | D:2      | Reached skill level 5 in Dodging
  5181 | D:4      | Found a shadowy altar of Dithmenos.
  5405 | D:5      | Entered Level 5 of the Dungeon
  5551 | D:5      | Noticed an ogre
  5571 | D:5      | Killed an ogre
  5571 | D:5      | Gained mutation: You are covered in thick fur. (AC +2) [Felid growth]
  5571 | D:5      | Reached XP level 6. HP: 25/25 MP: 5/10
  5643 | D:5      | Reached * piety under Ashenzari
  5668 | D:5      | Found a sand-covered staircase.
  5675 | Ossuary  | Entered an ossuary
  5826 | Ossuary  | Killed Menkaure
  6333 | D:5      | Noticed an ice beast
  6436 | D:5      | Reached skill level 5 in Transmutations
  6439 | D:5      | Killed an ice beast
  6698 | D:5      | Found a staircase to the Ecumenical Temple.
  6704 | Temple   | Entered the Ecumenical Temple
  7155 | D:6      | Noticed Eustachio
  7165 | D:5      | Reached XP level 7. HP: 28/28 MP: 11/11
  7376 | D:5      | You fall through a shaft for 3 floors!
  7461 | D:8      | Noticed a human
  7461 | D:8      | Noticed a hog
  7461 | D:8      | Noticed a hog
  7478 | D:8      | Killed a hog
  7481 | D:8      | Killed a hog
  7506 | D:8      | Killed a human
  7506 | D:8      | Reached XP level 8. HP: 26/32 MP: 9/12
  7627 | D:7      | Reached skill level 7 in Unarmed Combat
  7627 | D:7      | Reached XP level 9. HP: 32/43 MP: 13/13
  7634 | D:7      | Learned a level 5 spell: Blade Hands
  8004 | D:6      | Reached ** piety under Ashenzari
  8184 | D:6      | Killed Eustachio
  8184 | D:6      | Reached skill level 8 in Unarmed Combat
  8944 | D:6      | Found a runed door.
  9401 | D:6      | Noticed Meatbag's ghost (novice MiFi)
  9615 | D:7      | Killed from afar by an orc priest
  9616 | D:7      | Reached XP level 8. HP: -8/40 MP: 21/21
 10037 | D:8      | Reached XP level 9. HP: 34/43 MP: 13/13
 10128 | D:8      | Noticed Grum
 10169 | D:8      | Killed Grum
 10177 | D:8      | Reached skill level 10 in Dodging
 11026 | D:9      | Reached *** piety under Ashenzari
 11382 | D:9      | Found a staircase to the Lair.
 11393 | D:9      | Noticed a komodo dragon
 11401 | D:9      | HP: 2/43 [komodo dragon (13)]
 11405 | D:9      | Killed from afar by an acid dragon
 11406 | D:9      | Reached XP level 8. HP: -12/40 MP: 19/21
 11662 | D:9      | Noticed a fire dragon
 11713 | D:10     | Entered Level 10 of the Dungeon
 11883 | D:10     | Noticed Erica
 11907 | D:10     | Killed Erica
 11907 | D:10     | Reached XP level 9. HP: 26/45 MP: 13/13
 11952 | D:10     | Noticed Urug
 12024 | D:10     | Noticed a troll
 12216 | D:9      | Learned a level 1 spell: Confusing Touch
 12881 | D:11     | Reached XP level 10. HP: 40/49 MP: 17/17
 13042 | D:11     | Reached skill level 5 in Spellcasting
 13076 | D:11     | Reached **** piety under Ashenzari
 13078 | D:11     | Noticed a two-headed ogre
 13140 | D:11     | Learned a level 4 spell: Summon Ice Beast
 13191 | D:11     | Reached skill level 1 in Summonings
 13191 | D:11     | Reached skill level 1 in Ice Magic
 13529 | D:11     | Found a staircase to the Orcish Mines.
 13725 | D:11     | Found a deep blue altar of Sif Muna.
 13832 | D:11     | Killed a two-headed ogre
 14026 | D:12     | Noticed a two-headed ogre
 14033 | D:12     | Noticed a sun demon
 14098 | D:10     | Noticed Snorg
 14180 | Lair:1   | Entered Level 1 of the Lair of Beasts
 14259 | Lair:1   | Noticed a spiny frog
 14286 | Lair:2   | Noticed Sonja
 14304 | Lair:2   | HP: 2/49 [Sonja/uncursed short sword of distortion (6)]
 14307 | Lair:2   | Killed Sonja
 14312 | Lair:2   | HP: 1/49 [poisoned by Sonja (curare-tipped needle)]
 14716 | Lair:2   | Noticed a five-headed hydra
 14735 | Lair:2   | Killed a five-headed hydra
 14769 | Lair:2   | Noticed Nergalle
 14884 | Lair:2   | Reached XP level 11. HP: 34/52 MP: 19/19
 14988 | Lair:2   | Found a hole to the Spider Nest.
 15429 | Lair:1   | Reached skill level 5 in Summonings
 15726 | Lair:1   | Reached ***** piety under Ashenzari
 16122 | Lair:2   | Reached skill level 5 in Ice Magic
 17490 | Lair:3   | Noticed a six-headed hydra
 17855 | Lair:2   | Learned a level 4 spell: Summon Lightning Spire
 17979 | Lair:3   | Reached skill level 1 in Air Magic
 17991 | Lair:3   | Found a staircase to the Shoals.
 18050 | Lair:3   | Killed a six-headed hydra
 18347 | Lair:3   | Identified the amulet "Woesooru" {Inacc *Slow +Inv rF+ rN+++}
 19812 | Lair:3   | Identified a scroll of acquirement
 19812 | Lair:3   | Identified the cursed ring "Lougef" {+Inv rC+ rN+ Int+5} (You acquired it on level 3 of the Lair of Beasts)
 20101 | Lair:4   | Reached skill level 1 in Evocations
 20112 | Lair:4   | Noticed Josephine
 20113 | Lair:4   | Killed from afar by Josephine
 20114 | Lair:4   | Reached XP level 10. HP: -4/49 MP: 30/30
 20291 | Lair:4   | Noticed an eight-headed hydra
 20435 | D:9      | Reached XP level 11. HP: 52/52 MP: 22/22
 21243 | D:12     | Found a portal to a secret trove of treasure.
 21386 | D:12     | Noticed a two-headed ogre
 21415 | D:12     | Killed a two-headed ogre
 21787 | D:12     | Killed a two-headed ogre
 22043 | D:13     | Noticed a centaur warrior
 22058 | D:13     | Killed a centaur warrior
 22058 | D:13     | Reached skill level 1 in Hexes
 22381 | D:13     | Learned a level 2 spell: Blink
 22386 | D:13     | Learned a level 4 spell: Cause Fear
 23079 | D:14     | Noticed a skeletal warrior
 23092 | D:14     | Noticed a centaur warrior
 23095 | D:14     | Noticed a death knight
 23419 | Orc:1    | Entered Level 1 of the Orcish Mines
 23419 | Orc:1    | Noticed a two-headed ogre
 23428 | Orc:1    | Killed a two-headed ogre
 23589 | Orc:2    | Entered Level 2 of the Orcish Mines
 23589 | Orc:2    | Noticed Maurice
 23620 | Orc:2    | Killed Maurice
 23620 | Orc:2    | Reached skill level 5 in Hexes
 23720 | Orc:2    | Found a staircase to the Elven Halls.
 24390 | Orc:2    | Gained mutation: Your thick and shaggy fur keeps you warm. (AC +3, rC+) [Felid growth]
 24390 | Orc:2    | Reached XP level 12. HP: 56/56 MP: 19/25
 24515 | Orc:2    | Noticed an orc warlord
 24750 | Orc:1    | Learned a level 5 spell: Metabolic Englaciation
 24799 | Orc:2    | Killed an orc warlord
 24921 | Orc:2    | Noticed an orc high priest
 24931 | Orc:2    | Noticed an orc high priest
 25323 | Orc:2    | Killed an orc high priest
 25326 | Orc:2    | Killed an orc high priest
 25356 | Orc:2    | Gained mutation: You are frail. (-10% HP) [potion of mutation]
 25356 | Orc:2    | Gained mutation: You are agile. (Dex +2) [potion of mutation]
 25357 | Orc:2    | Lost mutation: You are frail. (-10% HP) [potion of mutation]
 25357 | Orc:2    | Lost mutation: You are agile. (Dex +2) [potion of mutation]
 25357 | Orc:2    | Gained mutation: Your mind is acute. (Int +2) [potion of mutation]
 25357 | Orc:2    | Gained mutation: You evolve. [potion of mutation]
 25357 | Orc:2    | Gained mutation: You have a pair of small horns on your head. [potion of mutation]
 25357 | Orc:2    | Gained mutation: You possess an exceptional clarity of mind. [potion of mutation]
 25424 | Orc:2    | Noticed an orc high priest
 25445 | Orc:2    | Killed an orc high priest
 25613 | Orc:2    | Gained mutation: You are agile. (Dex +2) [evolution]
 25724 | Orc:2    | Reached skill level 10 in Spellcasting
 25774 | Orc:2    | Found Nekkom's Antique Armour Emporium.
 25775 | Orc:2    | Found Wunoif's Antique Weapon Shoppe.
 25776 | Orc:2    | Found Ykeun's General Store.
 25776 | Orc:2    | Found Naanto's Jewellery Emporium.
 25907 | Orc:1    | Noticed an orc high priest
 25918 | Orc:1    | Killed an orc high priest
 26409 | D:10     | Killed Snorg
 26648 | D:14     | Killed a death knight
 26648 | D:14     | Reached skill level 9 in Unarmed Combat
 26648 | D:14     | Reached XP level 13. HP: 56/59 MP: 21/28
 27399 | D:14     | Reached skill level 10 in Unarmed Combat
 27839 | D:14     | Gained mutation: You are resistant to electric shocks. (rElec) [evolution]
 29110 | Lair:4   | Reached skill level 11 in Unarmed Combat
 29312 | Lair:4   | Killed Josephine
 30022 | Lair:4   | Reached ****** piety under Ashenzari
 30085 | Lair:4   | Reached skill level 12 in Unarmed Combat
 30749 | Lair:5   | Found a labyrinth entrance.
 30755 | Lab      | Entered a labyrinth
 31029 | Lab      | Noticed a minotaur
 31038 | Lab      | Killed a minotaur
 31291 | Lair:5   | Learned a level 2 spell: Passwall
 31685 | Lair:5   | Upgraded the game from 0.22-a0-803-gd6d8abe to 0.22-a0-815-gb582571
 31694 | Lair:5   | Slain by a catoblepas
 31695 | Lair:5   | Reached XP level 12. HP: 0/56 MP: 24/27
 31731 | Lair:5   | Killed a catoblepas
 32012 | Lair:5   | Lost mutation: You are resistant to electric shocks. (rElec) [evolution]
 32209 | Lair:6   | Entered Level 6 of the Lair of Beasts
 32245 | Lair:6   | Reached XP level 13. HP: 59/59 MP: 23/28
 32432 | Lair:6   | Found a staircase to the Slime Pits.
 32556 | Slime:1  | Entered Level 1 of the Pits of Slime
 32557 | Slime:1  | Noticed an azure jelly
 32628 | Lair:6   | Noticed an entropy weaver
 32628 | Lair:6   | Noticed an entropy weaver
 32675 | Lair:6   | Reached skill level 13 in Unarmed Combat
 33490 | Lair:5   | Slain by an entropy weaver

Vault maps used:
D:1:      lightli_iron_boxes, xom_teletrap_fun
D:2:      minmay_overflow_temple_star_hex, first_ration, uniq_natasha
D:3:      uniq_crazy_yiuf_cottage, uniq_sigmund, uniq_terence
D:4:      nicolae_dithmenos_through_a_glass_darkly
D:5:      lemuel_ice_spiral_2, minmay_temple_entry_hall, enter_ossuary_4
D:6:      ebering_ghost_sewer_d, uniq_eustachio
D:7:      nrook_loot_triangle
D:8:      grunt_livestock, uniq_grum
D:9:      minmay_shrinking_squares, erik_lair_dragon, kennysheep_generic_room_12
D:10:     uniq_erolcha, uniq_urug, uniq_snorg, uniq_erica
D:11:     orc_0_dummy, minivault_26, lemuel_blue_sif_altar
D:12:     nicolae_trove_entry_crystal, kennysheep_dice
D:13:     hangedman_decor_peaks_small
D:14:     grunt_vaults_entry_fortified, serial_park_tiny_1, minivault_16,
          lightli_wizard_tower
Temple:   lightli_temple_of_artemis
Lair:2:   statuecave_lemuel, spider_nest_entry_webs, grunt_megastairs_1,
          uniq_nergalle, uniq_sonja
Lair:3:   shoals_dummy_entry, nicolae_lair_grove_arrangements,
          gammafunk_lair_bear_cave
Lair:4:   ice2_lemuel, uniq_josephine
Lair:5:   lab_entry_generic
Lair:6:   cheibrodos_lair_end_hotspot, dpeg_slime_entry_corner,
          zaba_antful_of_joy, minmay_lair_oklob_chamber, uniq_nessos
Orc:2:    st_orc_congregation, uniq_maurice
Lab:      labyrinth_spiral, labyrinth_skeletal_remains, nicolae_lab_do_over,
          nicolae_lab_dead_end, lab_statue, nicolae_lab_big_swirl,
          labyrinth_fake_exit, nicolae_lab_statue, lab_block
Ossuary:  ossuary_due_pyramid

Skill      XL: |  1  2  3  4  5  6  7  8  9 10 11 12 13 |
---------------+----------------------------------------+-----
Transmutations | 3 4 6 8 11 | 11.7
Dodging        | 4 6 7 9 10 | 10.4
Fighting       | 8 |  8.4
Unarmed Combat | 7 8 9 13 | 13.1
Spellcasting   | 4 7 8 10 | 10.6
Summonings     | 4 6 |  6.1
Ice Magic      | 4 5 |  5.5
Air Magic      | 2 |  2.5
Evocations     | 2 4 |  4.7
Hexes          | 6 8 |  8.9

Action                   |  1- 3 |  4- 6 |  7- 9 | 10-12 | 13-15 || total
-------------------------+-------+-------+-------+-------+-------++-------
Melee: Unarmed           |    94 |   202 |   307 |   767 |   354 ||  1724
       Bite              |     8 |     9 |    18 |    48 |    57 ||   140
       Headbutt          |     7 |       |       |    30 |    60 ||    97
       Punch             |     2 |     1 |     3 |    28 |    18 ||    52
 Cast: Beastly Appendage |    16 |     3 |       |     1 |       ||    20
       Sticks to Snakes  |    17 |    38 |    22 |    22 |       ||    99
       Spider Form       |       |    17 |    13 |     5 |       ||    35
       Blade Hands       |       |       |    31 |    85 |    32 ||   148
       Confusing Touch   |       |       |     2 |     5 |       ||     7
       Summon Ice Beast  |       |       |       |    34 |    12 ||    46
       Summon Lightning  |       |       |       |    13 |     1 ||    14
       Metabolic Englaci |       |       |       |     2 |     5 ||     7
       Cause Fear        |       |       |       |       |     2 ||     2
Invok: Curse Item        |       |     1 |       |     3 |       ||     4
       Scrying           |       |       |     2 |     2 |     1 ||     5
 Abil: End Transformatio |       |       |     1 |       |       ||     1
       Evoke Invisibilit |       |       |       |    17 |    13 ||    30
       Evoke Berserk Rag |       |       |       |    11 |     4 ||    15
  Use: Potion            |       |       |     7 |     4 |     1 ||    12
       Scroll            |       |       |    10 |    17 |     4 ||    31
 Stab: Sleeping          |     3 |     2 |       |     2 |     5 ||    12
       Distracted        |       |     1 |       |     3 |       ||     4
       Confused          |       |       |     2 |     3 |       ||     5
       Invisible         |       |       |       |    53 |    34 ||    87
  Eat: Chunk             |     4 |    12 |    29 |    67 |    22 ||   134
       Ration            |       |       |     1 |       |     4 ||     5
Armor: Skin              |     4 |     6 |     7 |    30 |    35 ||    82
Dodge: Dodged            |    68 |   168 |   245 |   768 |   414 ||  1663

Table legend:
 A = Spawn XP
 B = Non-spawn XP
 C = Spawn XP percentage of total XP
 D = Spawn monster count
 E = Non-spawn monster count
 F = Spawn count percentage of total count
 G = Total turns spent on level
                    A         B        C        D         E        F      G
               +---------+---------+-------+---------+---------+-------+---------
         Total |       0 |   78629 |   0.0 |       0 |     544 |   0.0 | 33490
               +---------+---------+-------+---------+---------+-------+---------
           D:1 |       0 |      34 |   0.0 |       0 |      22 |   0.0 |  1563
           D:2 |       0 |     136 |   0.0 |       0 |      18 |   0.0 |  1744
           D:3 |       0 |      89 |   0.0 |       0 |      23 |   0.0 |  1492
           D:4 |       0 |      67 |   0.0 |       0 |       6 |   0.0 |   841
           D:5 |       0 |     687 |   0.0 |       0 |      18 |   0.0 |  1784
           D:6 |       0 |     795 |   0.0 |       0 |      19 |   0.0 |   966
           D:7 |       0 |     853 |   0.0 |       0 |      21 |   0.0 |   788
           D:8 |       0 |    1849 |   0.0 |       0 |      18 |   0.0 |  1268
           D:9 |       0 |    1487 |   0.0 |       0 |      17 |   0.0 |  1231
          D:10 |       0 |    3103 |   0.0 |       0 |      12 |   0.0 |  1098
          D:11 |       0 |    5108 |   0.0 |       0 |      41 |   0.0 |  1745
          D:12 |       0 |    3364 |   0.0 |       0 |      14 |   0.0 |  1021
          D:13 |       0 |    4166 |   0.0 |       0 |      32 |   0.0 |  1909
          D:14 |       0 |   10206 |   0.0 |       0 |      31 |   0.0 |  1651
        Lair:1 |       0 |    2043 |   0.0 |       0 |      11 |   0.0 |  1634
        Lair:2 |       0 |    4549 |   0.0 |       0 |      25 |   0.0 |  2283
        Lair:3 |       0 |    4793 |   0.0 |       0 |      18 |   0.0 |  2318
        Lair:4 |       0 |    8946 |   0.0 |       0 |      35 |   0.0 |  2064
        Lair:5 |       0 |    3765 |   0.0 |       0 |      12 |   0.0 |  1527
        Lair:6 |       0 |    4169 |   0.0 |       0 |      25 |   0.0 |   803
         Orc:1 |       0 |    3829 |   0.0 |       0 |      22 |   0.0 |  1405
         Orc:2 |       0 |   13252 |   0.0 |       0 |      91 |   0.0 |  1526
           Lab |       0 |    1330 |   0.0 |       0 |       4 |   0.0 |   300
       Ossuary |       0 |       9 |   0.0 |       0 |       9 |   0.0 |   474
               +---------+---------+-------+---------+---------+-------+---------
